 Dungeon Sprint DCSS version 0.31-a0-940-gdaa99269f9 (webtiles) character file.

Game seed: 1070083789004070190

8113 sircluck the Brawler (level 11, -1/127 HPs)
             Began as a Troll Berserker on Oct 20, 2023.
             Was a High Priest of Trog.
             Slain by a killer bee (10 damage)
             ... in the Dungeon (Sprint VII: "The Pits").
             The game lasted 00:04:03 (929 turns).

sircluck the Brawler (Troll Berserker)               Turns: 929, Time: 00:04:03

Health: -1/127     AC:  0    Str: 31    XL:     11   Next: 5%
Magic:  10/10      EV: 16    Int:  3    God:    Trog [*****.]
Gold:   0          SH:  0    Dex:  9    Spells: 10/10 levels left

rFire   . .          .
                       - Unarmed
rCold   . . .        (no shield)
rNeg    . . .        m - +0 troll leather armour {Pargi}
rPois   .            (helmet restricted)
rElec   .            (no cloak)
rCorr   .            (gloves unavailable)
SInv    .            (boots unavailable)
Will    .....        (no amulet)
Stlth   +            k - +3 ring of protection
HPRegen 1.21/turn    l - +3 ring of evasion
MPRegen 0.12/turn

%: no teleportation
@: lethally poisoned (-1 -> -2), corroded
A: large, unfitting armour, claws 3, regeneration 1, shaggy fur 1, tough skin 1
a: Renounce Religion, Berserk, Trog's Hand, Brothers in Arms


You were in the Dungeon.
You worshipped Trog.
Trog was extremely pleased with you.
You visited 1 branch

Inventory:

Armour
 a - a +0 animal skin
 m - a +0 troll leather armour (worn) {Pargi}
Jewellery
 k - a +3 ring of protection (left claw)
 l - a +3 ring of evasion (right claw)
Scrolls
 g - a scroll of blinking
 i - 2 scrolls of vulnerability
 j - a scroll of butterflies
Potions
 b - 8 potions of curing
 c - 8 potions of heal wounds
 d - 2 potions of haste
 e - 4 potions of magic
 f - 3 potions of berserk rage
 h - 2 potions of invisibility


   Skills:
 + Level 13.4 Fighting
 + Level 4.0 Armour
 + Level 13.2 Dodging
 + Level 15.6 Unarmed Combat


You had 10 spell levels left.
You didn't know any spells.
Your spell library was empty.

Dungeon Overview and Level Annotations

Branches:
Dungeon (1/1)

Altars:
Ashenzari
Cheibriados
Dithmenos
Elyvilon
Fedhas
Gozag
Hepliaklqana
Kikubaaqudgha
Makhleb
Nemelex Xobeh
Okawaru
Qazlal
Ru
Sif Muna
Trog
Uskayaw
Vehumet
Wu Jian
Xom
Yredelemnul
Zin
The Shining One
Jiyva
Lugonu


Innate Abilities, Weirdness & Mutations

You are too large for most types of armour.
You have claws for hands.
Your natural rate of healing is unusually fast.
You are covered in fur. (AC +1)
You have tough skin. (AC +1)


Message History

The killer bee completely misses you. The killer bee barely misses you.
The killer bee closely misses you. The gnoll hits you with a +0 club.
* * * LOW HITPOINT WARNING * * *
The killer bee moves out of view.
Your Armour skill increases to level 4!
Unknown command.
Unknown command.
Unknown command.
Unknown command.
Okay, then.
A killer bee comes into view.
The killer bee buzzes angrily.
The killer bee stings you.
* * * LOW HITPOINT WARNING * * *
You are poisoned.
The killer bee poisons you! The killer bee misses you.
The killer bee moves out of view.
Items here: ( ))) [[ †.
Unknown command.
Unknown command.
Your stone giant goes berserk!
You feel sick. The killer bee stings you.
* * * LOW HITPOINT WARNING * * *
The killer bee stings you!
* * * LOW HITPOINT WARNING * * *
The redback bites you.
* * * LOW HITPOINT WARNING * * *
The killer bee stings you.
* * * LOW HITPOINT WARNING * * *
The killer bee barely misses you.
You feel much better.
You feel sick. The killer bee closely misses you. The killer bee stings you!
* * * LOW HITPOINT WARNING * * *
The redback bites you!!
* * * LOW HITPOINT WARNING * * *
The jumping spider leaps!
Your stone giant hits the killer bee!!
The killer bee dies!
Trog accepts your kill. The killer bee stings you!
You die...

.#......# ........#
#''###### #''#####
##### #......+..'...##
#......+..'.....##
#.....##..##.....##
#.).###....###....#
#.)##........###@###
#''#...#..#...#)ysg#..
#.............C.yyyy..+
#++#...#..#).)#....#..#
#..##.......)###.### .#
#..)###..).###....# .#
#....)##).##.....## #
##.).)))†)).....##
###..†)..'...###


You could see a redback, 5 killer bees, a gnoll and a friendly stone giant
(summoned, berserk).

Vanquished Creatures
  A flayed ghost (D)
  A phantasmal warrior (D)
  An ugly thing (D)
  An orc sorcerer (D)
  3 kobold demonologists (D)
  A red devil (D)
  A polar bear (D)
  A spriggan (D)
  A flying skull (D)
  A ynoxinul (D)
  A wyvern (D)
  Grum (D)
  A redback (D)
  2 floating eyes (D)
  An orc warrior (D)
  A sky beast (D)
  A black bear (D)
  4 wolves (D)
  2 kobold brigands (D)
  4 wights (D)
  An orc priest (D)
  Terence (D)
  2 orc wizards (D)
  A mummy (D)
  An adder (D)
  A white imp (D)
  3 ufetubi (D)
  An adder skeleton (D)
  3 orcs (D)
  A ball python (D)
  A bat skeleton (D)
  2 endoplasms (D)
  3 jackals (D)
  6 kobolds (D)
  A ball python zombie (D)
  A frilled lizard (D)
59 creatures vanquished.

Vanquished Creatures (collateral kills)
  2 orc knights (D)
  2 orc sorcerers (D)
  An elephant (D)
  A guardian mummy (D)
  A troll (D)
  A basilisk (D)
  A warg (D)
  An orc warrior (D)
  Pargi (D)
  An ogre (D)
  A bullfrog (D)
  A killer bee (D)
  An orc priest (D)
  4 orcs (D)
19 creatures vanquished.

Grand Total: 78 creatures vanquished

Notes
Turn   | Place    | Note
-------+----------+-------------------------------------------
     0 | D        | sircluck the Troll Berserker began the quest for the Orb.
     0 | D        | Reached XP level 1. HP: 22/22 MP: 0/0
    22 | D        | Found a bloodstained altar of Trog.
    22 | D        | Found a shimmering blue altar of Sif Muna.
    22 | D        | Found a viscous altar of Jiyva.
    22 | D        | Found a hazy altar of Hepliaklqana.
    22 | D        | Found an opulent altar of Gozag.
    23 | D        | Found a glowing golden altar of the Shining One.
    23 | D        | Found a glowing silver altar of Zin.
    23 | D        | Found a basalt altar of Yredelemnul.
    23 | D        | Found a shimmering altar of Xom.
    23 | D        | Found an ornate altar of the Wu Jian Council.
    23 | D        | Found a sacrificial altar of Ru.
    23 | D        | Found a stormy altar of Qazlal.
    23 | D        | Found an iron altar of Okawaru.
    23 | D        | Found a sparkling altar of Nemelex Xobeh.
    23 | D        | Found a burning altar of Makhleb.
    23 | D        | Found a blossoming altar of Fedhas.
    23 | D        | Found a white marble altar of Elyvilon.
    23 | D        | Found a shadowy altar of Dithmenos.
    23 | D        | Found a snail-covered altar of Cheibriados.
    25 | D        | Found a radiant altar of Vehumet.
    25 | D        | Found a corrupted altar of Lugonu.
    26 | D        | Found a hide-covered altar of Uskayaw.
    26 | D        | Found an ancient bone altar of Kikubaaqudgha.
    26 | D        | Found a broken altar of Ashenzari.
    79 | D        | Reached XP level 2. HP: 28/31 MP: 1/1
    80 | D        | Reached ** piety under Trog
    81 | D        | Reached skill level 4 in Unarmed Combat
    87 | D        | Noticed a floating eye
    90 | D        | Paralysed by a floating eye for 2 turns
    96 | D        | Paralysed by a floating eye for 2 turns
   104 | D        | Killed a floating eye
   104 | D        | Reached *** piety under Trog
   105 | D        | Reached skill level 5 in Fighting
   105 | D        | Reached skill level 5 in Dodging
   105 | D        | Reached skill level 6 in Unarmed Combat
   105 | D        | Reached XP level 3. HP: 40/42 MP: 2/2
   105 | D        | Reached XP level 4. HP: 47/50 MP: 3/3
   115 | D        | Reached XP level 5. HP: 8/59 MP: 4/4
   125 | D        | Reached skill level 7 in Unarmed Combat
   178 | D        | Reached **** piety under Trog
   184 | D        | Reached XP level 6. HP: 52/68 MP: 5/5
   186 | D        | Reached skill level 8 in Unarmed Combat
   261 | D        | Reached ***** piety under Trog
   263 | D        | Noticed a sky beast
   267 | D        | Received a gift from Trog
   272 | D        | Killed a sky beast
   290 | D        | Reached skill level 9 in Unarmed Combat
   294 | D        | Received a gift from Trog
   298 | D        | Reached XP level 7. HP: 75/79 MP: 6/6
   345 | D        | Noticed a flayed ghost
   345 | D        | Noticed a ynoxinul
   352 | D        | Killed a flayed ghost
   352 | D        | Received a gift from Trog
   353 | D        | Reached skill level 11 in Unarmed Combat
   353 | D        | Reached XP level 8. HP: 92/92 MP: 7/7
   359 | D        | Reached ****** piety under Trog
   575 | D        | Noticed a red devil
   589 | D        | Killed a red devil
   590 | D        | Reached skill level 10 in Fighting
   590 | D        | Reached skill level 10 in Dodging
   653 | D        | Noticed a phantasmal warrior
   654 | D        | Noticed a flying skull
   658 | D        | Killed a phantasmal warrior
   659 | D        | Reached skill level 12 in Unarmed Combat
   659 | D        | Reached XP level 9. HP: 102/102 MP: 8/8
   663 | D        | Noticed a guardian mummy
   689 | D        | Identified the +10 great sword "Goblin's Curse" {flame,
                  | rCorr Dex+4} (Trog gifted it to you in the Dungeon)
   689 | D        | Received a gift from Trog
   691 | D        | HP: 5/105 [guardian mummy (6)]
   694 | D        | Killed a guardian mummy
   695 | D        | Reached skill level 13 in Unarmed Combat
   778 | D        | Noticed Grum
   781 | D        | Noticed a polar bear
   788 | D        | Killed a polar bear
   791 | D        | Received a gift from Trog
   799 | D        | Killed Grum
   821 | D        | Noticed an orc knight
   821 | D        | Noticed a troll
   821 | D        | Noticed an elephant
   821 | D        | Noticed an orc sorcerer
   823 | D        | Noticed a rust devil
   828 | D        | Killed an elephant
   829 | D        | Reached XP level 10. HP: 32/115 MP: 9/9
   829 | D        | Noticed a sixfirhy
   829 | D        | Noticed an orc sorcerer
   830 | D        | Reached skill level 14 in Unarmed Combat
   834 | D        | Received a gift from Trog
   835 | D        | Killed an orc knight
   840 | D        | Killed an orc sorcerer
   841 | D        | Noticed Pargi
   842 | D        | Noticed an orc knight
   844 | D        | Killed an orc sorcerer
   844 | D        | Received a gift from Trog
   845 | D        | Killed Pargi
   850 | D        | Killed an orc knight
   851 | D        | Reached skill level 1 in Armour
   851 | D        | Reached skill level 15 in Unarmed Combat
   867 | D        | Received a gift from Trog
   906 | D        | Noticed an orc sorcerer
   907 | D        | Noticed Terence
   912 | D        | Noticed a brown ugly thing
   913 | D        | Killed an orc sorcerer
   914 | D        | Reached XP level 11. HP: 117/127 MP: 10/10
   915 | D        | Received a gift from Trog
   918 | D        | Killed Terence
   926 | D        | Killed a brown ugly thing
   929 | D        | Slain by a killer bee

Illustrated notes

Levels and vault maps discovered:
D:        pitsprint [storerooms_1, entrance_room_1, metal_vault_4, armoury_2,
          mini_pit_1, grid_room_1, main_hall_1, silver_pit, the_coven_3,
          the_vestibule_1, steel_vault_1, golden_pit, hallway_of_sentries,
          crystal_vault_6, iron_vault_4, final_vault]

Skill      XL: |  1  2  3  4  5  6  7  8  9 10 11 |
---------------+----------------------------------+-----
Fighting       | 3 5 6 7 9 10 12 13 | 13.4
Dodging        | 3 5 6 7 9 10 11 13 | 13.2
Unarmed Combat | 6 7 9 11 12 13 15 | 15.6
Armour         | 3 4 |  4.0

Action                     |  1- 3 |  4- 6 |  7- 9 | 10-12 || total
---------------------------+-------+-------+-------+-------++-------
  Melee: Unarmed           |    30 |    38 |    64 |    33 ||   165
         Punch             |       |     2 |     3 |     3 ||     8
 Invoke: Berserk           |       |       |     3 |       ||     3
         Brothers in Arms  |       |       |     2 |     3 ||     5
    Use: Potion            |       |       |     5 |     3 ||     8
   Stab: Sleeping          |       |       |     1 |       ||     1
 Armour: Animal skin       |    27 |    41 |    75 |    12 ||   155
         Troll leather arm |       |       |       |    22 ||    22
  Dodge: Dodged            |    15 |    58 |    56 |    62 ||   191

Table legend: (Time is in decaauts)
 A = Elapsed time spent in this place.
 B = Non-inter-level travel time spent in this place.
 C = Inter-level travel time spent in this place.
 D = Time resting spent in this place.
 E = Time spent auto-exploring this place.
 F = Levels seen in this place.
 G = Mean time per level.
                   A        B        C        D        E       F      G
               +--------+--------+--------+--------+--------+-----+--------+
         Total |    917 |    917 |      0 |    260 |    198 |   1 |  917.0 |
       Dungeon |    917 |    917 |      0 |    260 |    198 |   1 |  917.0 |
               +--------+--------+--------+--------+--------+-----+--------+

Top non-repeatable levels by time:
       D: 917 daAuts
